[Event "*** Titled Tuesday Blitz"]
[Site "Chess.com"]
[Date "2019.10.01"]
[Round "3"]
[White "Nightlord1"]
[Black "eljanov"]
[Result "1-0"]
[WhiteElo "2253"]
[BlackElo "2779"]
[TimeControl "180+2"]
[EndTime "13:35:26 PDT"]
[Termination "Nightlord1 won by resignation"]

1. e4 e5 2. Nf3 Nc6 3. d4 exd4 4. Nxd4 Nf6 5. Nc3 Bb4 6. Nxc6 bxc6 7. Bd3 O-O 8. O-O d5 9. exd5 cxd5 10. h3 c6 11. Qf3 h6 12. Bf4 Bd6 13. Rfe1 Rb8 14. b3 Rb4 15. Bxd6 Qxd6 16. Na4 c5 17. c3 Rb7 18.
Qe3 Rc7 19. c4 Bd7 20. Nc3 d4 21. Ne4 Nxe4 22. Qxe4 g6 23. Qd5 Qxd5 24. cxd5 Rd8 25. Re7 Kf8 26. Rae1 Re8 27. d6 Rc6 28. Rxe8+ Bxe8 29. Bb5 Rxd6 30. Bxe8 d3 31. Bb5 1-0

[Event "*** Titled Tuesday Blitz"]
[Site "Chess.com"]
[Date "2019.10.01"]
[Round "3"]
[White "TrenerChos"]
[Black "AndrewMcStone"]
[Result "1-0"]
[WhiteElo "2401"]
[BlackElo "2134"]
[TimeControl "180+2"]
[EndTime "13:35:26 PDT"]
[Termination "TrenerChos won on time"]

1. e4 Nc6 2. d4 d5 3. e5 Bf5 4. c3 e6 5. f4 h5 6. Nf3 Nh6 7. Be2 Be7 8. O-O Qd7 9. b4 h4 10. h3 Be4 11. Nbd2 f5 12. a4 a5 13. b5 Na7 14. c4 c5 15. Bb2 O-O 16. Rc1 Nc8 17.
cxd5 cxd4 18. dxe6 Qd8 19. Nxd4 Nb6 20. Nxe4 fxe4 21.
f5 Rc8 22. Qd2 Rxc1 23. Bxc1 Nxa4 24. f6 Bc5 25. e7 Qxd4+ 26. Qxd4 Bxd4+ 27. Kh1 Re8 28.
Bxh6 gxh6 29. f7+ 1-0

[Event "*** Titled Tuesday Blitz"]
[Site "Chess.com"]
[Date "2019.10.01"]
[Round "3"]
[White "Olga_Ustinova"]
[Black "evgenyermolaev"]
[Result "1-0"]
[WhiteElo "2335"]
[BlackElo "2478"]
[TimeControl "180+2"]
[EndTime "13:35:34 PDT"]
[Termination "Olga_Ustinova won by resignation"]

1. d4 Nf6 2. Nf3 e6 3. Bf4 d5 4.
e3 b6 5. Nbd2 Bb7 6. Bd3 Nbd7 7.
c3 c5 8. Ne5 Nxe5 9. dxe5 Nd7 10.
e4 d4 11. cxd4 cxd4 12. O-O Nc5 13. Bb5+ Nd7 14. Nc4 Bxe4 15. Qa4 Bc5 16. b4 Be7 17. Rfd1 d3 18. f3 Bg6 19. Rac1 Rc8 20. Nd6+ Bxd6 21. Bxd7+ Qxd7 22. Rxc8+ Ke7 23. Qxd7+ Kxd7 24. Rxh8 Bxb4 25. Rd2 Bxd2 26. Bxd2 Kc6 27. Kf2 Kd5 28. Ke3 Kxe5 29.
Bc3+ Kd5 30. Bxg7 Kc4 31. Ra8 a5 32. a4 Kb4 33. Rb8 Kxa4 34. Rxb6 Ka3 35. g4 a4 36. h4 h5 37. gxh5 Bxh5 38. Kxd3 Bxf3 39. Kc3 f5 40. Rb1 Ka2 41. Rb2+ Ka1 42. Kc2 Be4+ 43. Kc1 e5 44. Bxe5 a3 45. Rb8+ Ka2 46. h5 f4 47. Bxf4 Bh7 48. h6 Bf5 49. Bd6 Bh7 50. Ra8 Kb3 51. Rxa3+ Kc4 52. Ra7 Bg6 53. h7 Bxh7 54. Rxh7 1-0

[Event "*** Titled Tuesday Blitz"]
[Site "Chess.com"]
[Date "2019.10.01"]
[Round "3"]
[White "Grebeniuk-S"]
[Black "ChessWarrior7197"]
[Result "0-1"]
[WhiteElo "2500"]
[BlackElo "2910"]
[TimeControl "180+2"]
[EndTime "13:35:35 PDT"]
[Termination "ChessWarrior7197 won by resignation"]

1. d4 Nf6 2. Nf3 b6 3. e3 Bb7 4. Bd3 e6 5. Nbd2 c5 6. O-O Be7 7. b3 O-O 8. Bb2 Nc6 9. a3 d6 10. Qe2 Qc7 11. dxc5 dxc5 12. e4 e5 13. Nc4 Nd4 14. Nxd4 exd4 15. a4 Rfe8 16. e5 Nd5 17. f4 Bf8 18. Rae1 a6 19. Qh5 g6 20. Qh4 b5 21. axb5 axb5 22. Nd2 Ne3 23. Bxb5 Nxg2 24.
Qg3 Nxe1 25. Rxe1 Qa5 26. Bxe8 Qxd2 27. Bd7 Qxc2 28. e6 Qxb2 29. exf7+ Kxf7 30. f5 Bd6 31. fxg6+ hxg6 32. Rf1+ Kg7 33. Qg5 0-1

[Event "*** Titled Tuesday Blitz"]
[Site "Chess.com"]
[Date "2019.10.01"]
[Round "3"]
[White "newauto"]
[Black "mortngabriel"]
[Result "0-1"]
[WhiteElo "2000"]
[BlackElo "2326"]
[TimeControl "180+2"]
[EndTime "13:35:38 PDT"]
[Termination "mortngabriel won by resignation"]

1. e4 e6 2. d4 d5 3. exd5 Qxd5 4. Nf3 Nf6 5. Bd3 c5 6. c4 Qd8 7. Be3 cxd4 8. Bxd4 Nc6 9. Be3 Bb4+ 10. Nc3 O-O 11.
O-O Bxc3 12. bxc3 e5 13. Qc2 h6 14. Rfd1 Qe7 15. Nd2 Ng4 16. Nf1 f5 17. Bc1 e4 18.
Be2 Nce5 19. a4 Qh4 20. g3 Qh3 21. c5 Nf3+ 22. Bxf3 exf3 23. Ne3 Qxh2+ 0-1

[Event "*** Titled Tuesday Blitz"]
[Site "Chess.com"]
[Date "2019.10.01"]
[Round "3"]
[White "Mikhail_Golubev"]
[Black "aa175"]
[Result "1-0"]
[WhiteElo "2494"]
[BlackElo "2295"]
[TimeControl "180+2"]
[EndTime "13:35:39 PDT"]
[Termination "Mikhail_Golubev won on time"]

1. e4 c5 2. Nf3 d6 3. d4 cxd4 4.
Nxd4 Nf6 5. Nc3 a6 6. Bc4 e6 7. Bb3 Nbd7 8. O-O Nc5 9. f4 Be7 10. e5 dxe5 11. fxe5 Nxb3 12. axb3 Bc5 13. Be3 Nd5 14.
Bf2 O-O 15. Ne4 Bxd4 16. Bxd4 Qh4 17. Qf3 b6 18. g3 Qd8 19. Nd6 Ra7 20. c4 Nb4 21.
Qf2 Bd7 22. Bxb6 Nd3 23. Qe3 1-0

[Event "*** Titled Tuesday Blitz"]
[Site "Chess.com"]
[Date "2019.10.01"]
[Round "3"]
[White "vugarrasulov"]
[Black "TST2014"]
[Result "1-0"]
[WhiteElo "2851"]
[BlackElo "2564"]
[TimeControl "180+2"]
[EndTime "13:35:44 PDT"]
[Termination "vugarrasulov won by resignation"]

1. d4 Nf6 2. c4 e6 3. Nf3 d5 4. Nc3 c6 5. Bg5 h6 6. Bxf6 Qxf6 7. Qb3 Nd7 8. e4 dxe4 9. Nxe4 Qf5 10. Bd3 Qa5+ 11.
Nc3 Be7 12. O-O O-O 13. Rfe1 Qc7 14. Rad1 b6 15. Bb1 Rd8 16. d5 cxd5 17. cxd5 Nf6 18. dxe6 Bxe6 19. Rxd8+ Bxd8 20. Rxe6 fxe6 21. Qxe6+ Qf7 22.
Qc6 Rb8 23. Ne5 Qe8 24. Qc4+ Kh8 25. Nf7+ Qxf7 26. Qxf7 b5 27. Nd5 Rc8 28. Qf8+ Ng8 29. g3 Rc1+ 30. Kg2 Rxb1 31. Qxd8 Rd1 32. Qa8 Kh7 33.
Ne3 Rd7 34. Qc6 Nf6 35. Qxb5 Rd6 36. a4 Rb6 37. Qf5+ Kh8 38. Nd5 Nxd5 39. Qxd5 Rxb2 40. Qa8+ Kh7 41. Qxa7 Ra2 42. a5 Ra3 43. a6 Ra2 44. Qb6 Ra1 45. a7 Ra3 46. Qb1+ Kh8 47. Qb8+ Kh7 48. a8=Q Rxg3+ 49. hxg3 1-0

[Event "*** Titled Tuesday Blitz"]
[Site "Chess.com"]
[Date "2019.10.01"]
[Round "3"]
[White "brendan174"]
[Black "dlp300"]
[Result "0-1"]
[WhiteElo "2122"]
[BlackElo "2519"]
[TimeControl "180+2"]
[EndTime "13:35:44 PDT"]
[Termination "dlp300 won by resignation"]

1. d4 Nf6 2. Nc3 d5 3. Bf4 Bf5 4. f3 e6 5. g4 Bg6 6. h4 h6 7. e3 Bb4 8. Bd3 Bxd3 9. Qxd3 a6 10. Ne2 c5 11. O-O-O Nc6 12. a3 c4 13. Qd2 Be7 14. Rhg1 b5 15. e4 b4 16. axb4 Nxb4 17. Kb1 Qa5 18. Nc1 Ra7 19. N1a2 Rb7 20. g5 hxg5 21. hxg5 Nh5 22. Be3 Qb6 23. Qc1 g6 24.
exd5 Nxd5 25. Nxd5 exd5 26. Ka1 Ng7 27. Bf4 Nf5 28.
Be5 Rh3 29. Rh1 Rxf3 30. Rh8+ Kd7 31. Rh7 Ne3 32. Rd2 Rf1 0-1

[Event "*** Titled Tuesday Blitz"]
[Site "Chess.com"]
[Date "2019.10.01"]
[Round "3"]
[White "H3nriqueTV"]
[Black "abubakrtagelsir"]
[Result "1-0"]
[WhiteElo "2149"]
[BlackElo "2385"]
[TimeControl "180+2"]
[EndTime "13:35:56 PDT"]
[Termination "H3nriqueTV won by resignation"]

1. e4 d6 2. Nf3 Nf6 3. Nc3 g6 4. d4 Bg7 5. Bc4 O-O 6. O-O a6 7. a4 Nc6 8. h3 e5 9. Bg5 h6 10. Bh4 g5 11. Bg3 Nh5 12. Nxe5 dxe5 13. Qxh5 Nxd4 14.
Rad1 c6 15. Na2 Qe7 16. c3 Ne6 17. Nc1 Nf4 18. Bxf4 exf4 19. Nd3 Qxe4 20. b3 f3 21. Rfe1 Qf5 22. g4 Qf6 23. Ne5 b5 24. Bxf7+ Rxf7 25. Nxf7 Qxf7 26. Rd8+ Bf8 27. Qxf7+ Kxf7 28. Ree8 Bg7 29.
Rxc8 Ra7 30. Re3 bxa4 31. bxa4 Be5 32. Rxe5 1-0

[Event "*** Titled Tuesday Blitz"]
[Site "Chess.com"]
[Date "2019.10.01"]
[Round "3"]
[White "Tolya2"]
[Black "ferdipy"]
[Result "1-0"]
[WhiteElo "2407"]
[BlackElo "2172"]
[TimeControl "180+2"]
[EndTime "13:35:59 PDT"]
[Termination "Tolya2 won on time"]

1. Nf3 Nf6 2. d4 e6 3. c4 Bb4+ 4. Nbd2 O-O 5. g3 d5 6. Qc2 Be7 7. Bg2 c6 8. O-O b6 9. e4 Bb7 10. b3 Na6 11. Bb2 Rc8 12. Rfe1 c5 13. exd5 exd5 14.
Qf5 dxc4 15. Nxc4 Qc7 16. Rad1 Rfd8 17. h4 b5 18. Nce5 cxd4 19. Ng5 Bxg2 20. Kxg2 Rf8 21. Bxd4 g6 22. Qf3 Rce8 23. Nc6 Nh5 24. Rc1 Qb7 25.
Nxe7+ Rxe7 26. Ne4 f5 27. Ng5 Qxf3+ 28. Kxf3 Rfe8 29.
Rxe7 Rxe7 30. Rc8+ 1-0

[Event "*** Titled Tuesday Blitz"]
[Site "Chess.com"]
[Date "2019.10.01"]
[Round "3"]
[White "MathiasWomacka"]
[Black "mbojan"]
[Result "1/2-1/2"]
[WhiteElo "2274"]
[BlackElo "2545"]
[TimeControl "180+2"]
[EndTime "13:36:03 PDT"]
[Termination "Game drawn by agreement"]

1. e4 c5 2. Nf3 e6 3. d4 cxd4 4. Nxd4 a6 5. Bd3 Nf6 6. O-O Qc7 7. Qe2 Nc6 8. Nxc6 bxc6 9. e5 Nd5 10. c4 Nb4 11. Bf4 Rb8 12. Nc3 Nxd3 13. Qxd3 a5 14. b3 c5 15. Nb5 Qc6 16. Rad1 Bb7 17. f3 Be7 18. Nd6+ Bxd6 19. Qxd6 Qxd6 20. Rxd6 Bc6 21. Be3 a4 22. Rb1 axb3 23. axb3 f6 24. exf6 gxf6 25. Bxc5 Rg8 26. Kf2 Rg5 27. Be3 Ra5 28. Rb2 Ra3 29.
b4 Rc3 30. b5 Rxc4 31. b6 Ke7 32. Rd4 Rxd4 33. Bxd4 e5 34. Be3 Bb7 35. Rc2 Rc8 36. Rxc8 Bxc8 37. f4 d6 38. g4 Bb7 39. g5 fxg5 40.
fxe5 dxe5 1/2-1/2

[Event "*** Titled Tuesday Blitz"]
[Site "Chess.com"]
[Date "2019.10.01"]
[Round "3"]
[White "kosya4ok"]
[Black "IvanRadivojevic"]
[Result "1-0"]
[WhiteElo "2619"]
[BlackElo "2404"]
[TimeControl "180+2"]
[EndTime "13:36:06 PDT"]
[Termination "kosya4ok won by resignation"]

1. e4 c6 2. d4 d5 3. e5 Bf5 4.
Nf3 e6 5. Be2 c5 6. Be3 cxd4 7.
Nxd4 Ne7 8. O-O Nbc6 9. Bb5 a6 10. Bxc6+ bxc6 11. c4 Bxb1 12. Rxb1 c5 13. Nb3 d4 14.
Nxc5 Nf5 15. Qa4+ Ke7 16. Bg5+ f6 17. Qc6 Qc8 18. exf6+ gxf6 19. Qe4 fxg5 20. Nxe6 Kf6 21. Rfe1 Bc5 22. g4 Ne7 23. Qe5+ 1-0

[Event "*** Titled Tuesday Blitz"]
[Site "Chess.com"]
[Date "2019.10.01"]
[Round "3"]
[White "Bryakin_Mikhail"]
[Black "Olga_Girya"]
[Result "1-0"]
[WhiteElo "2750"]
[BlackElo "2473"]
[TimeControl "180+2"]
[EndTime "13:36:08 PDT"]
[Termination "Bryakin_Mikhail won by resignation"]

1. d4 d5 2. Nf3 Nf6 3. c4 e6 4. g3 Bb4+ 5. Bd2 Be7 6. Bg2 O-O 7.
O-O Nbd7 8. a4 a5 9. Qc2 c6 10. Na3 Ne4 11. Bf4 g5 12. Be3 f5 13. Qc1 g4 14. Ne1 Bd6 15. f3 Nef6 16. Nd3 b6 17.
Bf4 Qc7 18. fxg4 Nxg4 19. cxd5 exd5 20. Bxd5+ cxd5 21. Qxc7 Bxc7 22. Bxc7 Ba6 23. Nb5 Rac8 24. Rfc1 Bxb5 25. axb5 Ne3 26. Be5 Nc4 27. b3 Ncxe5 28. dxe5 Rfe8 29. Rxc8 Rxc8 30. Rf1 Rc2 31. e6 Nc5 32.
Nxc5 Rxc5 33. Rxf5 Rc2 34. e7 1-0

[Event "*** Titled Tuesday Blitz"]
[Site "Chess.com"]
[Date "2019.10.01"]
[Round "3"]
[White "Mr_Sinigami"]
[Black "Chigorinetz"]
[Result "1-0"]
[WhiteElo "2387"]
[BlackElo "2536"]
[TimeControl "180+2"]
[EndTime "13:36:13 PDT"]
[Termination "Mr_Sinigami won on time"]

1. c4 g6 2. Nf3 Bg7 3. g3 d6 4. Bg2 f5 5. O-O Nf6 6. d4 O-O 7. Nc3 Qe8 8. d5 c6 9. Nd4 Bd7 10. Rb1 Na6 11. b4 Rc8 12. Bd2 h6 13. e3 Kh7 14. Qe2 c5 15. bxc5 Nxc5 16. Rfc1 Ng4 17. Nb3 b6 18. Nb5 Ne5 19. N5d4 Ncd3 20. Rc2 Nc5 21.
f4 1-0

[Event "*** Titled Tuesday Blitz"]
[Site "Chess.com"]
[Date "2019.10.01"]
[Round "3"]
[White "Andrii_Prydun"]
[Black "M1711"]
[Result "0-1"]
[WhiteElo "2258"]
[BlackElo "2542"]
[TimeControl "180+2"]
[EndTime "13:36:16 PDT"]
[Termination "M1711 won by resignation"]

1. d4 Nf6 2. Nf3 b6 3. Bg5 Bb7 4. e3 g6 5. Nbd2 Bg7 6. Bd3 O-O 7. O-O c5 8. c3 d6 9. Qe2 Nbd7 10. Ba6 Qc7 11.
Bxb7 Qxb7 12. Rfd1 h6 13. Bxf6 Bxf6 14. e4 cxd4 15. cxd4 Bg7 16. e5 dxe5 17. dxe5 Nc5 18. Nd4 Rfd8 19. N2f3 Rac8 20. e6 f5 21. Ne5 Kh7 22.
Nef3 Qe4 23. Qf1 Bxd4 24. Re1 Qb7 25. Rad1 Bf6 0-1

[Event "*** Titled Tuesday Blitz"]
[Site "Chess.com"]
[Date "2019.10.01"]
[Round "3"]
[White "Perecke"]
[Black "santosalberto1987"]
[Result "0-1"]
[WhiteElo "2105"]
[BlackElo "2383"]
[TimeControl "180+2"]
[EndTime "13:36:18 PDT"]
[Termination "santosalberto1987 won by resignation"]

1. e4 e6 2. d4 d5 3. Nc3 Nf6 4.
e5 Nfd7 5. Nce2 c5 6. c3 Nc6 7. f4 b5 8. Nf3 a5 9. g3 b4 10.
Bh3 Ba6 11. O-O bxc3 12. bxc3 cxd4 13. cxd4 Be7 14. Be3 Nb6 15. f5 exf5 16. Bxf5 Bxe2 17. Qxe2 O-O 18. Bxh7+ Kxh7 19. Qc2+ Kg8 20. Qxc6 Nc4 21. Bf2 Rc8 22. Qa4 Qc7 23. Rac1 Rb8 24. Qc2 Rb4 25. a3 Rb6 26. Qf5 Bxa3 27. Ng5 Rg6 28. e6 Rxg5 29. Qxg5 Bxc1 30. exf7+ Qxf7 31. Qxc1 Qf3 32. Qg5 a4 33. Qc1 a3 34. h4 a2 35. Kh2 Ne3 0-1

[Event "*** Titled Tuesday Blitz"]
[Site "Chess.com"]
[Date "2019.10.01"]
[Round "3"]
[White "gmcorrales"]
[Black "MalyDominator"]
[Result "1-0"]
[WhiteElo "2747"]
[BlackElo "2296"]
[TimeControl "180+2"]
[EndTime "13:36:19 PDT"]
[Termination "gmcorrales won by checkmate"]

1. e4 c5 2. b3 Nf6 3. e5 Nd5 4.
Qf3 Nc7 5. Bb2 g6 6. e6 f6 7.
exd7+ Nxd7 8. Nc3 Ne5 9. Qg3 Bf5 10. O-O-O Bg7 11. f4 Nc6 12. Qe3 Nd4 13. Bd3 Bxd3 14.
Qxd3 Qd7 15. Nf3 O-O-O 16. Rhe1 Nxf3 17. Qxf3 f5 18. Na4 Bxb2+ 19. Kxb2 Qd6 20. Re5 Na6 21. d3 Rhe8 22. Rde1 Kb8 23. Qe3 Qd4+ 24. Qxd4 Rxd4 25. g3 c4 26. bxc4 Rd7 27. Nc3 Nc7 28. Nd5 Nxd5 29.
Rxd5 Kc7 30. Kc3 e6 31. Rxd7+ Kxd7 32. Kd4 Kd6 33. Rb1 Re7 34. a4 h6 35. a5 g5 36.
Rb5 gxf4 37. gxf4 Kc6 38. Ke5 Rg7 39. Kxe6 Rg2 40. h4 Rh2 41. Rxf5 Rxh4 42. d4 Rh2 43. Rc5# 1-0

[Event "*** Titled Tuesday Blitz"]
[Site "Chess.com"]
[Date "2019.10.01"]
[Round "3"]
[White "RitvarsReimanis"]
[Black "platy3"]
[Result "0-1"]
[WhiteElo "2583"]
[BlackElo "2859"]
[TimeControl "180+2"]
[EndTime "13:36:20 PDT"]
[Termination "platy3 won by resignation"]

1. d4 Nf6 2. c4 e6 3. Nf3 d5 4. Nc3 dxc4 5. e3 a6 6. Bxc4 b5 7. Bb3 Bb7 8. O-O c5 9. Qe2 Nbd7 10. Rd1 Qb6 11. a4 c4 12. Bc2 b4 13. a5 Qc7 14. Na4 Be7 15. Nb6 Nxb6 16. axb6 Qxb6 17. Ba4+ Bc6 18. Bxc6+ Qxc6 19. Ne5 Qb7 20. Qxc4 O-O 21. Bd2 Rfc8 22. Qd3 a5 23. b3 Qe4 24. Qxe4 Nxe4 25.
Nc4 Bd8 26. Ra4 Rab8 27. f3 Nc3 28. Bxc3 bxc3 29. Rc1 Rxb3 30. Nxa5 Bxa5 31. Rxa5 c2 32. Kf2 Rb1 33. Rxc2 Rxc2+ 0-1

[Event "*** Titled Tuesday Blitz"]
[Site "Chess.com"]
[Date "2019.10.01"]
[Round "3"]
[White "Casablanca"]
[Black "Alopekos"]
[Result "1-0"]
[WhiteElo "2191"]
[BlackElo "2508"]
[TimeControl "180+2"]
[EndTime "13:36:23 PDT"]
[Termination "Casablanca won by resignation"]

1. Nf3 c5 2. g3 Nc6 3. Bg2 g6 4. O-O Bg7 5. c3 e5 6. e4 Nge7 7. Re1 O-O 8. Na3 d6 9. Nc2 f5 10. d3 h6 11. b4 f4 12. b5 Na5 13. Nd2 g5 14. g4 Ng6 15. f3 Nh4 16. Bf1 h5 17. h3 hxg4 18. hxg4 Be6 19. c4 Rf6 20. Kf2 Rh6 21. Nb3 Kf7 22. Ke2 Nxb3 23. axb3 Qd7 24. Kd2 Ng6 25. Be2 Rh2 26. Rh1 Rah8 27. Rxh2 Rxh2 28. Qg1 Rh8 29. Rxa7 Nh4 30. Kc3 Qc7 31.
Bd2 Qb6 32. Ra1 Kg6 33. Kb2 Kf6 34. Ba5 Qa7 35. Bd8+ Rxd8 36. Rxa7 1-0

[Event "*** Titled Tuesday Blitz"]
[Site "Chess.com"]
[Date "2019.10.01"]
[Round "3"]
[White "moro182"]
[Black "Zhuu96"]
[Result "1-0"]
[WhiteElo "2722"]
[BlackElo "2962"]
[TimeControl "180+2"]
[EndTime "13:36:25 PDT"]
[Termination "moro182 won by resignation"]

1. d4 Nf6 2. c4 g6 3. g3 Bg7 4. Bg2 O-O 5. Nc3 c6 6. Nf3 d5 7. cxd5 cxd5 8. Ne5 Nc6 9. Nxc6 bxc6 10. O-O Nd7 11. Na4 e5 12. dxe5 Nxe5 13. Be3 Re8 14. Rc1 Bg4 15. h3 Bf5 16. Bd4 Rc8 17. Bxa7 Nc4 18. g4 Be6 19. b3 Nd6 20. Bd4 Bh6 21. e3 f5 22. Nc5 Bf7 23. Bb2 fxg4 24. Qd4 Kf8 25. Qh8+ Bg8 26. hxg4 Rc7 27. Qf6+ Qxf6 28. Bxf6 Nf7 29. a4 Ne5 30. g5 Bg7 31. Bxg7+ Kxg7 32. a5 Nf7 33. Bxd5 Nxg5 34. Bxg8 Kxg8 35. Rfd1 Rf7 36. Kg2 h5 37. Rd7 Rf6 38. a6 h4 39. f4 Rxe3 40. a7 Rf8 41. fxg5 Rg3+ 42. Kh1 Rh3+ 43. Kg2 Rg3+ 44. Kh2 Rf2+ 45. Kh1 1-0

[Event "*** Titled Tuesday Blitz"]
[Site "Chess.com"]
[Date "2019.10.01"]
[Round "3"]
[White "ShadowJolteon"]
[Black "Samantha_Ross"]
[Result "1-0"]
[WhiteElo "2342"]
[BlackElo "2052"]
[TimeControl "180+2"]
[EndTime "13:36:28 PDT"]
[Termination "ShadowJolteon won by checkmate"]

1. d4 d6 2. e4 Nf6 3. Nc3 e5 4. d5 g6 5. f3 Bg7 6. Be3 O-O 7. g4 a6 8. h4 h5 9. gxh5 Nxh5 10. Qe2 b5 11. Qd2 b4 12. Na4 a5 13.
Bb5 Ba6 14. Bxa6 Nxa6 15. O-O-O Qd7 16. b3 Nf4 17. Ne2 Qb5 18. Nxf4 exf4 19. Bxf4 Nc5 20. Nxc5 Qxc5 21. Be3 Qb5 22. h5 a4 23. hxg6 axb3 24. Qh2 b2+ 25. Kb1 fxg6 26. Qh7+ Kf7 27. Rdg1 Rg8 28.
Qxg6+ Kf8 29. Qf5+ Ke8 30. Qe6+ Kd8 31. Qxg8+ Kd7 32.
Rxg7# 1-0

[Event "*** Titled Tuesday Blitz"]
[Site "Chess.com"]
[Date "2019.10.01"]
[Round "3"]
[White "ENEASZ"]
[Black "Olga_Zhuravleva"]
[Result "1-0"]
[WhiteElo "2526"]
[BlackElo "2198"]
[TimeControl "180+2"]
[EndTime "13:36:29 PDT"]
[Termination "ENEASZ won by resignation"]

1. e4 e5 2. Nf3 Nc6 3. Bc4 Nf6 4. d3 d5 5. exd5 Nxd5 6. O-O Bc5 7. Re1 O-O 8. Nbd2 Re8 9. c3 Nb6 10. Bb5 f6 11.
Ne4 Bd6 12. h3 a6 13. Bxc6 bxc6 14. d4 Bf5 15. Ng3 Bg6 16. dxe5 fxe5 17. Bg5 Qc8 18.
Nh4 Bf7 19. Nhf5 Nd5 20. c4 Nf4 21. Nxd6 cxd6 22. Qxd6 Bxc4 23. Rxe5 Ng6 24. Re3 Rxe3 25. Bxe3 Qb7 26. b3 Bd5 27. Qc5 Qf7 28. Rd1 Re8 29. Rd4 h6 30. Rg4 Ne5 31. Rd4 Qg6 32.
Qc1 Kh8 33. Ra4 Nd3 34. Qd2 Ne5 35. Rxa6 Rf8 36. Qb4 h5 37. Qxf8+ 1-0

[Event "*** Titled Tuesday Blitz"]
[Site "Chess.com"]
[Date "2019.10.01"]
[Round "3"]
[White "aranibos"]
[Black "2nd_life"]
[Result "0-1"]
[WhiteElo "2171"]
[BlackElo "2405"]
[TimeControl "180+2"]
[EndTime "13:36:29 PDT"]
[Termination "2nd_life won by resignation"]

1. e4 e5 2. Nf3 Nc6 3. Bb5 a6 4. Ba4 Nf6 5. O-O Be7 6. Re1 b5 7. Bb3 d6 8. c3 O-O 9. h3 Bb7 10.
d4 Re8 11. Nbd2 Bf8 12. Bc2 g6 13. Nf1 exd4 14. cxd4 Nb4 15. Ng3 Nxc2 16. Qxc2 c5 17. d5 Nd7 18. Bf4 c4 19. Rad1 Nc5 20. Nd4 Nd3 21.
Rxd3 cxd3 22. Qd2 Rc8 23. Qxd3 Bxd5 24. Nb3 Bxb3 25. Qxb3 Qd7 26. Rd1 Qc6 27. Rd2 Qc4 28. Qxc4 Rxc4 29. Bxd6 Bxd6 30. Rxd6 Rc1+ 31. Kh2 Rc2 32. b4 Rxa2 33. f3 Rc8 34. e5 Rcc2 35. Ne4 Rxg2+ 36. Kh1 Rge2 37. Rd1 Rh2+ 38. Kg1 Rag2+ 39.
Kf1 Rh1+ 40. Kxg2 Rxd1 41. Nf6+ Kh8 42. f4 Rd4 43. Kf3 Rxb4 0-1

[Event "*** Titled Tuesday Blitz"]
[Site "Chess.com"]
[Date "2019.10.01"]
[Round "3"]
[White "TrickyTrapChess"]
[Black "SloLev"]
[Result "1-0"]
[WhiteElo "2248"]
[BlackElo "2472"]
[TimeControl "180+2"]
[EndTime "13:36:30 PDT"]
[Termination "TrickyTrapChess won by checkmate"]

1. c4 e6 2. Nc3 Nf6 3. e4 d5 4. e5 Nfd7 5. d4 c6 6. f4 Be7 7.
Nf3 b6 8. cxd5 cxd5 9. Bd3 Ba6 10. O-O Bxd3 11. Qxd3 Nc6 12. Be3 g6 13. Rac1 Rc8 14. g4 h5 15. f5 Nf8 16. f6 Bb4 17. g5 Bxc3 18. Rxc3 Nd7 19. Rfc1 Ndb8 20. b4 O-O 21.
a3 a6 22. Nh4 Kh7 23. Ng2 Na7 24. Rxc8 Nxc8 25. Nf4 Kh8 26. Nxg6+ fxg6 27. Qxg6 Qd7 28. Qh6+ Kg8 29. g6 Ne7 30. Qg7# 1-0

[Event "*** Titled Tuesday Blitz"]
[Site "Chess.com"]
[Date "2019.10.01"]
[Round "3"]
[White "chesstatour"]
[Black "dopolian"]
[Result "0-1"]
[WhiteElo "2027"]
[BlackElo "2338"]
[TimeControl "180+2"]
[EndTime "13:36:31 PDT"]
[Termination "dopolian won by resignation"]

1. c4 Nf6 2. Nc3 c5 3. Nf3 Nc6 4. d4 cxd4 5. Nxd4 e6 6. g3 Bb4 7. Bg2 O-O 8. O-O d5 9. cxd5 exd5 10. Nc2 Bxc3 11. bxc3 Be6 12. Nd4 Nxd4 13. cxd4 Ne4 14.
Qb3 b6 15. Rd1 Rc8 16. Bxe4 dxe4 17. d5 Bg4 18. Ba3 Bxe2 19. Bxf8 Bxd1 20. Rxd1 Qxf8 21. Qa4 Qd6 22. Qxe4 g6 23. h4 h5 24. Rd3 Rc5 25.
a3 a6 26. Kg2 b5 27. f4 Rc2+ 28. Kf3 Qc5 29. Qe8+ Kg7 30. Qe3 Qc8 31. Qe5+ Kh7 32.
Qe7 Qg4+ 33. Ke3 Re2+ 34. Kd4 Rxe7 0-1

[Event "*** Titled Tuesday Blitz"]
[Site "Chess.com"]
[Date "2019.10.01"]
[Round "3"]
[White "NiranjanNavalgund"]
[Black "riconaipe"]
[Result "0-1"]
[WhiteElo "2419"]
[BlackElo "2627"]
[TimeControl "180+2"]
[EndTime "13:36:36 PDT"]
[Termination "riconaipe won by resignation"]

1. Nf3 d5 2. d4 Nf6 3. c4 e6 4.
g3 a6 5. Bg2 Be7 6. O-O O-O 7.
Qc2 dxc4 8. a4 Nc6 9. Qxc4 Rb8 10. Bg5 h6 11. Bxf6 Bxf6 12. Rd1 Qd5 13. Qc1 Qa5 14. Nc3 Nb4 15. e4 e5 16. dxe5 Bxe5 17. Nxe5 Qxe5 18. Nd5 Nxd5 19. Rxd5 Qe7 20. Qd2 Be6 21. Rd4 c5 22.
Rd6 Rfd8 23. Rd1 Rxd6 24. Qxd6 Qxd6 25. Rxd6 b5 26. a5 b4 27. Rxa6 c4 28. Rb6 Ra8 29.
a6 c3 30. bxc3 bxc3 31. e5 Rc8 32. Rb1 Rc7 33. Bb7 c2 34. Rc1 Bc8 35. Be4 Bxa6 36.
Rxc2 Re7 37. f4 g6 38. Rc7 Rxc7 39. h3 Bb7 40. Bd3 Kg7 41. Kf2 h5 42. Ke3 Rc1 43. Kd2 Rg1 0-1

[Event "*** Titled Tuesday Blitz"]
[Site "Chess.com"]
[Date "2019.10.01"]
[Round "3"]
[White "IMDT02"]
[Black "Colombiano07"]
[Result "1-0"]
[WhiteElo "2479"]
[BlackElo "2208"]
[TimeControl "180+2"]
[EndTime "13:36:36 PDT"]
[Termination "IMDT02 won by resignation"]

1. d4 d5 2. Bf4 Bf5 3. e3 e6 4.
c4 c6 5. Nf3 Nd7 6. Qb3 Qb6 7. c5 Qxb3 8. axb3 a6 9. b4 Rc8 10. Nc3 h6 11. h3 Ngf6 12. Be2 Be7 13. Nd2 O-O 14. Nb3 Ne4 15. Na5 Bd8 16. Nxb7 Bc7 17. Nxe4 Bxe4 18. f3 Bg6 19. Bd6 Bxd6 20. Nxd6 Rb8 21. Ra4 Bc2 22. Rxa6 Rxb4 23. Rxc6 Rxb2 24.
Kf2 e5 25. Rc7 exd4 26. exd4 Nf6 27. Re1 Nh5 28. g3 Nf6 29. c6 Ba4 30. Ra1 Bc2 31. Rca7 Bd3 32. R7a2 Rxa2 33. Rxa2 Bxe2 34. Kxe2 Ne8 35.
Nb5 Nf6 36. c7 Rc8 37. Ra7 Kf8 38. Nd6 1-0

[Event "*** Titled Tuesday Blitz"]
[Site "Chess.com"]
[Date "2019.10.01"]
[Round "3"]
[White "kacprekt"]
[Black "Frolik67"]
[Result "1-0"]
[WhiteElo "2401"]
[BlackElo "2576"]
[TimeControl "180+2"]
[EndTime "13:36:38 PDT"]
[Termination "kacprekt won by checkmate"]

1. d4 Nf6 2. c4 g6 3. Nc3 Bg7 4. e4 d6 5. Be2 O-O 6. Be3 e5 7. d5 Nbd7 8. g4 Nc5 9. f3 a5 10. h4 Ne8 11. g5 f5 12. h5 fxe4 13. fxe4 Rf7 14. Qc2 a4 15. O-O-O Bd7 16. Nh3 c6 17. Nf2 Qa5 18. Ng4 Qb4 19. hxg6 hxg6 20. Nh6+ Bxh6 21. Rxh6 Nb3+ 22. axb3 axb3 23. Qb1 Kf8 24. Rf1 Rxf1+ 25. Bxf1 cxd5 26. exd5 Bf5 27. Bd3 e4 28. Bxe4 Qxc4 29. Bxf5 Qf1+ 30. Kd2 Qg2+ 31. Ne2 Qxd5+ 32. Bd3 Ra2 33.
Nf4 Qf3 34. Nxg6+ Kf7 35. Qf1 Rxb2+ 36. Kc3 Qxf1 37. Bxf1 Rb1 38. Bc4+ d5 39. Bxd5+ Kg7 40. Bd4+ Nf6 41. Bxf6# 1-0